 Dungeon Crawl Stone Soup version 0.31.0-11-ge490571c62 (webtiles) character file.

Game seed: 6584174930797468874

484 qw the Skirmisher (level 6, -5/35 HPs)
             Began as a Deep Elf Hunter on Feb 5, 2024.
             Slain by a scorpion (6 damage)
             ... on level 4 of the Dungeon.
             The game lasted 00:01:59 (2885 turns).

qw the Skirmisher (Deep Elf Hunter)                 Turns: 2885, Time: 00:02:00

Health: -5/35      AC:  6    Str: 10    XL:     6   Next: 88%
Magic:  8/8        EV: 11    Int: 14    God:
Gold:   966        SH:  0    Dex: 18    Spells: 5/5 levels left

rFire   . . .        a - +2 shortbow
rCold   . . .        (shield currently unavailable)
rNeg    . . .        j - +0 ring mail
rPois   .            b - +0 helmet
rElec   .            (no cloak)
rCorr   .            (no gloves)
SInv    .            (no boots)
Will    .....        (no amulet)
Stlth   +            (no ring)
HPRegen 0.25/turn    (no ring)
MPRegen 0.11/turn

%: no passive effects
@: lethally poisoned (-5 -> -20), about to teleport
A: no striking features
a: no special abilities


You were on level 4 of the Dungeon.
You visited 1 branch of the dungeon, and saw 4 of its levels.

You collected 966 gold pieces.


   Skills:
 - Level 2.0 Fighting
 + Level 10.0 Ranged Weapons
 - Level 1.5 Armour
 - Level 3.3 Dodging
 - Level 1.2 Stealth


You had 5 spell levels left.
You didn't know any spells.
Your spell library was empty.

Inventory:

Hand Weapons
 a - a +2 shortbow (weapon)
Armour
 b - a +0 helmet (worn)
 j - a +0 ring mail (worn)
Wands
 d - a wand of iceblast (7)
 m - a wand of flame (31)
Potions
 f - 2 potions of curing
 i - a potion of mutation
 l - a potion of heal wounds

Dungeon Overview and Level Annotations

Branches:
Dungeon (4/15)
 Temple: D:4-7

Altars:
Hepliaklqana
Xom

Shops:
D:2 (

Annotations:
D:1 exclusion: giant cockroach
D:3 1 runed translucent door, Crazy Yiuf


Message History

You now have 966 gold pieces (gained 8).
A scorpion and a kobold come into view.
You shoot an arrow. The arrow barely misses the scorpion.
The kobold shouts!
The scorpion stings you.
You are poisoned.
The scorpion poisons you!
You shoot an arrow.
The arrow hits the scorpion but does no damage.
You feel very sick. The scorpion stings you.
You shoot an arrow. The arrow hits the scorpion.
The scorpion is lightly wounded.
You feel sick. The scorpion barely misses you.
The scorpion stings you but does no damage.
You shoot an arrow. The arrow barely misses the scorpion.
You feel sick. The scorpion stings you.
You are more poisoned.
The scorpion poisons you!
You shoot an arrow. The arrow barely misses the scorpion.
You feel very sick. The kobold hits you but does no damage.
The scorpion closely misses you.
You shoot an arrow. The arrow hits the scorpion.
The scorpion is moderately wounded.
You feel very sick.
The kobold hits you with a +0 short sword.
The scorpion barely misses you.
You shoot an arrow. The arrow hits the scorpion.
The scorpion is moderately wounded.
You feel very sick. The scorpion stings you. The kobold closely misses you.
The scorpion stings you.
You are more poisoned.
The scorpion poisons you!
2885 ||| READING scroll of teleportation.
As you read the scroll of teleportation, it crumbles to dust.
You feel strangely unstable.
You feel very sick.
The kobold hits you with a +0 short sword.
The scorpion stings you.
You die...

#.........# #.# #.........#
#.# ..####.........# #.#
..........<###.## #.#
#.############..####.#######
.....................
..............#######
#########.###.# #@# #.#
#....sK# ### .........
........## .........
.......#. ....... # .......


You could see a scorpion and a kobold.

Vanquished Creatures
  Sigmund (D:2)
  A phantom (D:4)
  An orc priest (D:2)
  Jessica (D:2)
  Natasha (D:2)
  Robin (D:3)
  6 adders
  A dart slug (D:1)
  3 ribbon worms
  3 orcs
  7 bats
  5 endoplasms
  6 giant cockroaches
  20 goblins
  5 hobgoblins
  8 jackals (D:2)
  10 kobolds
  2 quokkas (D:1)
  6 ball pythons
  A frilled lizard (D:1)
  4 rats
93 creatures vanquished.

Notes
Turn   | Place    | Note
-------+----------+-------------------------------------------
     0 | D:1      | qw the Deep Elf Hunter began the quest for the Orb.
     0 | D:1      | Reached XP level 1. HP: 12/12 MP: 3/3
     0 | D:1      | 0 ||| qw: Version: 0.3-a-160-g6735b56
     0 | D:1      | 0 ||| qw: Game counter: 6523
     0 | D:1      | 0 ||| qw: Melee chars always use a shield: true
     0 | D:1      | 0 ||| qw: God list: Okawaru
     0 | D:1      | 0 ||| qw: Allow faded altars: false
     0 | D:1      | 0 ||| qw: Do Orc after clearing Dungeon:15 true
     0 | D:1      | 0 ||| qw: Do second Lair branch before Depths: true
     0 | D:1      | 0 ||| qw: Lair rune preference: random
     0 | D:1      | 0 ||| qw: Goals: Normal
     0 | D:1      | 0 ||| PLANNING D:1-11
    84 | D:1      | Reached skill level 6 in Ranged Weapons
    84 | D:1      | Reached XP level 2. HP: 16/16 MP: 4/4
   296 | D:1      | Reached XP level 3. HP: 20/20 MP: 5/5
   308 | D:1      | Found a faded altar of an unknown god.
   755 | D:1      | 755 ||| READING scroll labelled IHOUSO IDGHEETI.
   755 | D:1      | Identified a scroll of acquirement
   755 | D:1      | 755 ||| ACQUIRING 822 gold pieces
   755 | D:1      | Acquired 822 gold pieces
   757 | D:1      | 757 ||| READING scroll labelled XYLABU UKLUO.
   758 | D:1      | 758 ||| READING scroll labelled HONEIT PIUDD.
   758 | D:1      | 758 ||| IDENTIFYING purple potion
   759 | D:1      | 759 ||| READING scroll labelled UCVIES CEOME.
   763 | D:1      | 763 ||| READING scroll labelled BUUBBU LEI.
   763 | D:1      | 763 ||| ENCHANTING +0 shortbow.
   764 | D:1      | 764 ||| DRINKING 2 bubbling coppery potions.
   802 | D:1      | 802 ||| DROPPING scroll of butterflies.
   803 | D:1      | 803 ||| DROPPING potion of lignification.
   882 | D:2      | Found a hazy altar of Hepliaklqana.
   957 | D:2      | Reached skill level 7 in Ranged Weapons
  1165 | D:2      | Reached XP level 4. HP: 16/25 MP: 6/6
  1273 | D:2      | Found Gacoyrr's Weapon Boutique.
  1287 | D:2      | Noticed Sigmund
  1298 | D:2      | Killed Sigmund
  1299 | D:2      | Reached skill level 9 in Ranged Weapons
  1299 | D:2      | Reached XP level 5. HP: 25/29 MP: 7/7
  1335 | D:2      | Noticed Jessica
  1347 | D:2      | Killed Jessica
  1348 | D:2      | Reached XP level 6. HP: 34/34 MP: 8/8
  1358 | D:2      | Reached skill level 3 in Dodging
  1467 | D:2      | Noticed Natasha
  1483 | D:2      | Killed Natasha
  1640 | D:2      | 1640 ||| UPGRADING to +0 helmet.
  1645 | D:2      | 1645 ||| READING scroll of identify.
  1645 | D:2      | 1645 ||| IDENTIFYING white potion
  1654 | D:3      | 1654 ||| STAIRDANCE
  1711 | D:3      | 1711 ||| STAIRDANCE
  1755 | D:3      | 1755 ||| STAIRDANCE
  1823 | D:3      | 1823 ||| READING scroll of enchant weapon.
  1823 | D:3      | 1823 ||| ENCHANTING +1 shortbow.
  1928 | D:3      | Found a shimmering altar of Xom.
  1959 | D:3      | Identified the +5 hammer of Woympuaha {freeze, +Blink rC+++
                  | MP-9}
  1962 | D:3      | Found a runed translucent door.
  1963 | D:3      | Noticed Crazy Yiuf
  2298 | D:3      | Noticed Robin
  2310 | D:3      | Reached skill level 10 in Ranged Weapons
  2318 | D:3      | HP: 4/35 [Robin/puff of flame (7)]
  2319 | D:3      | 2319 ||| READING 2 scrolls of teleportation.
  2320 | D:3      | Killed Robin
  2753 | D:3      | 2753 ||| UPGRADING to +0 scale mail.
  2763 | D:3      | 2763 ||| DROPPING +0 leather armour.
  2764 | D:3      | 2764 ||| UPGRADING to +0 ring mail.
  2774 | D:3      | 2774 ||| DROPPING +0 scale mail.
  2775 | D:3      | 2775 ||| READING 2 scrolls of identify.
  2775 | D:3      | 2775 ||| IDENTIFYING glowing black potion
  2776 | D:3      | 2776 ||| READING scroll of identify.
  2776 | D:3      | 2776 ||| IDENTIFYING black potion
  2777 | D:3      | 2777 ||| DROPPING potion of degeneration.
  2819 | D:4      | Reached skill level 1 in Armour
  2884 | D:4      | HP: 8/35 [scorpion (1)]
  2885 | D:4      | 2885 ||| READING scroll of teleportation.
  2885 | D:4      | HP: 3/35 [poisoned by a scorpion]
  2885 | D:4      | HP: 1/35 [kobold/+0 short sword (2)]
  2885 | D:4      | Slain by a scorpion

Levels and vault maps discovered:
D:1:      ncdulo_watergridlock, layout_basic, shapermc_ecumenical_altar_ellora,
          chequers_big_river, minmay_stone_trees_medium, minivault_26
D:2:      layout_loops_cross, basic_altar, serial_shops,
          nicolae_shop_bloodbath_and_beyond, nrook_mini_backslash,
          grunt_ministairs_4, minivault_19, serial_park_tiny_pond,
          minmay_cupped, uniq_jessica, uniq_natasha, uniq_sigmund
D:3:      layout_basic, mainiacjoe_overflow_small_starburst,
          uniq_crazy_yiuf_cottage, uniq_robin
D:4:      layout_basic

Skill      XL: |  1  2  3  4  5  6 |
---------------+-------------------+-----
Ranged Weapons | 6 7 9 10 | 10.0
Dodging        | 3 |  3.3
Fighting       | 2 |  2.0
Armour         | 1 |  1.5
Stealth        | |  1.2

Action                     |  1- 3 |  4- 6 || total
---------------------------+-------+-------++-------
   Fire: Shortbow          |   117 |   168 ||   285
    Use: Scroll            |     5 |     6 ||    11
         Potion            |     1 |       ||     1
 Armour: Leather armour    |    21 |    52 ||    73
         Ring mail         |       |    18 ||    18
  Dodge: Dodged            |    24 |    53 ||    77

Table legend:
 A = Non-vault XP
 B = Vault XP
 C = Vault XP percentage of total XP
 D = Non-vault monster count
 E = Vault monster count
 F = Vault count percentage of total count
                 A         B        C        D         E       F
            +---------+---------+-------+---------+---------+-------
      Total |     334 |     358 |  51.7 |      73 |      20 |  21.5
            +---------+---------+-------+---------+---------+-------
        D:1 |      46 |       0 |   0.0 |      26 |       0 |   0.0
        D:2 |     130 |     322 |  71.2 |      28 |       7 |  20.0
        D:3 |      55 |      36 |  39.6 |      18 |      13 |  41.9
        D:4 |     103 |       0 |   0.0 |       1 |       0 |   0.0
            +---------+---------+-------+---------+---------+-------
